Capitals vs Kraken

Created - 17 octobre 2025 at 16:33

Goals
1 2 3 T
Capitals 1 1 1 3
Kraken 3 1 4 8
Shots
1 2 3 T
Capitals 17 21 8 46
Kraken 14 9 19 42

GoalsPenalties
1st period
1. Capitals , Elias Pettersson 2 (Joel Eriksson Ek 3, Kirill Kaprizov 2) at 9:28 (PP)
2. Kraken , Pavel Buchnevich 1 (Alex DeBrincat 2) at 11:04
3. Kraken , Alex DeBrincat 3 (Pavel Buchnevich 2, Noah Cates 3) at 17:02
4. Kraken , Alex DeBrincat 4 (Noah Cates 4, Pavel Buchnevich 3) at 17:06
Alexandre Carrier (SEA) for Tripping (Minor) at 9:12
Jake Guentzel (WAS) for Elbowing (Minor) at 13:39
2nd period
5. Capitals , Kris Letang 1 (Damon Severson 1, Joel Eriksson Ek 4) at 9:55
6. Kraken , Pavel Buchnevich 2 (Cole Caufield 1, David Savard 2) at 11:14 (PP)
Lian Bichsel (WAS) for Delaying the game (Minor) at 7:33
Kris Letang (WAS) for Roughing (Minor) at 10:45
3rd period
7. Kraken , Alex DeBrincat 5 (Noah Cates 5) at 9:41
8. Kraken , Pavel Buchnevich 3 (Noah Cates 6, David Savard 3) at 9:57
9. Kraken , Brett Howden 1 (Gustav Nyquist 1, Wyatt Kaiser 2) at 12:33
10. Kraken , Noah Cates 2 (Pavel Buchnevich 4) at 16:09
11. Capitals , Adam Lowry 1 (Lian Bichsel 1, Simon Holmstrom 2) at 18:52
No Penalty
Goalie Stats
Matt Murray (WAS), 13 saves from 17 shots - (0,765), L, 0-1-0, 31:14 minutes
Sam Montembeault (WAS), 21 saves from 25 shots - (0,840), 28:46 minutes
Linus Ullmark (SEA), 43 saves from 46 shots - (0,935), W, 3-0-0, 60:00 minutes
3 StarsOfficial
1 - Pavel Buchnevich (SEA)
2 - Alex DeBrincat (SEA)
3 - Noah Cates (SEA)
Referees : Mike Sheehan and Eric Furlatt
Linesman : Luke Murray and Dennis Urban
Game Note
Sam Montembeault enters game at 11:14 of 2nd period
Alex DeBrincat has scored a Hat Trick!
Pavel Buchnevich has scored a Hat Trick!
Finance
Level 1 -- Attendance: 5409 (90,15%) -- Ticket Income $540,900
Level 2 -- Attendance: 5000 (100,00%) -- Ticket Income $300,000
Level 3 -- Attendance: 1844 (92,20%) -- Ticket Income $64,540
Level 4 -- Attendance: 3850 (96,25%) -- Ticket Income $77,000
Luxury Box -- Attendance: 930 (93,00%) -- Ticket Income $186,000
Game was played at the Hellgates Center.
Total Attendance: 17033 (94,63%)
Total Ticket Income: $1,168,440
Other Income: $572,536
Total Income: $1,740,976



Team Name Goals Shots Shots Attemp Shots Blocked PIM HIT PP PK FO%
Capitals 3467366181 / 1 (100%)149%
Kraken 84257142121 / 3 (33%)151%

Capitals
Player Name POS G A P +/- PIM HIT SHT SB MP PP MP PP SHT PK MP PK SHT FO% FOT GA TA
000000000:000:0000:0000% 000
000000000:000:0000:0000% 000
Adam FantilliC0001004015:180:0000:00071% 1711
Adam LowryC/LW1011012016:300:0001:1200% 210
Arttu HyryRW000-302207:260:0000:0000% 001
Cam YorkD000-1011018:140:0002:3700% 001
Damon SeversonD011-4023122:280:0001:5000% 000
Elias PetterssonC/LW101-1012117:480:1610:48025% 1600
Isac LundestromC/LW000-300309:530:0002:27157% 711
Jake GuentzelC/LW000-1201016:380:0000:00050% 200
Jake NeighboursLW000-2011015:490:0000:0000% 010
Joel ArmiaLW/RW000-301509:530:0002:2730% 010
Joel Eriksson EkC/LW/RW022-2007117:160:1600:48059% 1710
Kirill KaprizovLW/RW011-1012016:370:1600:0000% 200
Kris LetangD101-4223122:430:1601:5000% 000
Kyle PalmieriLW/RW000-2002115:490:0000:00050% 210
Lian BichselD011-1222015:410:0000:0000% 002
Oliver Ekman-LarssonD0000011019:180:1600:0000% 000
Simon HolmstromRW0111014116:300:0001:12050% 220
Zach BogosianD0000021021:390:0002:3700% 001
Kraken
Player Name POS G A P +/- PIM HIT SHT SB MP PP MP PP SHT PK MP PK SHT FO% FOT GA TA
000000000:000:0000:0000% 000
000000000:000:0000:0000% 000
Alex DeBrincatLW/RW3145005018:522:1100:000100% 210
Alex PietrangeloD0002020421:532:2700:1600% 002
Alexandre CarrierD0001211119:362:0000:0000% 000
Brett HowdenC101000307:580:0000:00033% 600
Cole CaufieldLW/RW0110002018:262:1600:0000% 001
David SavardD0222010123:562:2700:1600% 001
Egor ZamulaD0002010116:270:0000:0000% 001
Emil HeinemanLW/RW000001007:580:0000:0000% 001
Gabriel LandeskogC/LW/RW0000026118:172:1100:00056% 1800
Gustav NyquistLW/RW011000108:140:0000:1600% 001
Jack RoslovicC/RW0000010014:280:0000:00040% 1500
Jonathan MarchessaultC/LW/RW0000011115:570:0000:0000% 030
Kevin BahlD0001002119:372:0000:0000% 000
Noah CatesC/LW/RW1455016019:392:0800:16055% 2200
Patrick KaneLW/RW0000001118:172:1100:0000% 120
Patrik LaineLW/RW0000004014:400:0800:00050% 210
Pavel BuchnevichLW/RW3365018019:012:1610:000100% 100
Wyatt KaiserD0112002316:270:0000:0000% 002

Capitals

5 vs 5 Forward
Line #Left WingCenterRight WingPHYDFOFWanted %Time %Time Play
1Jake GuentzelElias PetterssonKirill Kaprizov1133130%16:44
2Jake NeighboursJoel Eriksson EkKyle Palmieri1132929%15:49
3Adam LowryAdam FantilliSimon Holmstrom1312728%15:18
4Joel ArmiaIsac LundestromArttu Hyry1311313%7:26
5 vs 5 Defense
Line #DefenseDefensePHYDFOFWanted %Time %Time Play
1Kris LetangDamon Severson1223736%19:57
2Oliver Ekman-LarssonZach Bogosian1223536%19:43
3Lian BichselCam York1222828%15:37
4Oliver Ekman-LarssonKris Letang12200%0:00
Power Play Forward
Line #Left WingCenterRight WingPHYDFOFWanted %Time %Time Play
1Elias PetterssonJoel Eriksson EkKirill Kaprizov00560100%0:16
2Jake GuentzelAdam FantilliKyle Palmieri005400%0:00
Power Play Defense
Line #DefenseDefensePHYDFOFWanted %Time %Time Play
1Oliver Ekman-LarssonKris Letang11370100%0:16
2Cam YorkDamon Severson113300%0:00
Penalty Kill 4 Players Forward
Line #CenterWingPHYDFOFWanted %Time %Time Play
1Isac LundestromJoel Armia1316073%3:15
2Adam LowrySimon Holmstrom1314027%1:12
Penalty Kill 4 Players Defense
Line #DefenseDefensePHYDFOFWanted %Time %Time Play
1Cam YorkZach Bogosian1406059%2:37
2Kris LetangDamon Severson1404041%1:50
Penalty Kill 3 Players
Line #WingPHYDFOFWanted %Time %Time PlayDefenseDefensePHYDFOFWanted %Time %Time Play
1Isac Lundestrom140600%0:00 Cam YorkZach Bogosian140600%0:00
2Adam Lowry140400%0:00 Kris LetangDamon Severson140400%0:00
4 vs 4 Forward
Line #CenterWingPHYDFOFWanted %Time %Time Play
1Joel Eriksson EkJake Guentzel122600%0:00
2Elias PetterssonKirill Kaprizov122400%0:00
4 vs 4 Defense
Line #DefensePHYDFOFWanted %Time %Time Play
1Oliver Ekman-LarssonDamon Severson122600%0:00
2Zach BogosianKris Letang122400%0:00
Last Minutes Offensive
Left WingCenterRight WingDefenseDefense
Jake GuentzelElias PetterssonKirill KaprizovOliver Ekman-LarssonKris Letang
Last Minutes Defensive
Left WingCenterRight WingDefenseDefense
Isac LundestromJoel Eriksson EkJoel ArmiaZach BogosianCam York
Time
Total ForwardTotal DefenseLast Minutes OffensiveLast Minutes Defensive
60:00 60:00 0:000:00
Extra Forwards
Normal PowerPlayPenalty Kill
Jake Guentzel, Joel Eriksson Ek, Elias PetterssonJoel Eriksson Ek, Jake GuentzelJoel Armia
Extra Defensemen
Normal PowerPlayPenalty Kill
Oliver Ekman-Larsson, Damon Severson, Kris LetangKris Letang, Zach BogosianDamon Severson
Penalty Shots
Jake Guentzel, Kirill Kaprizov, Elias Pettersson, Jake Neighbours, Simon Holmstrom
Goalie
Matt Murray, Sam Montembeault
Custom OT Lines Forwards
Jake Guentzel, Kirill Kaprizov, Elias Pettersson, Joel Eriksson Ek, Jake Neighbours, Kyle Palmieri, Adam Fantilli, Adam Lowry, Simon Holmstrom, Isac Lundestrom
Custom OT Lines Defensemen
Oliver Ekman-Larsson, Cam York, Kris Letang, Damon Severson, Zach Bogosian
Scratches
P.O Joseph (Healthy)

Kraken

5 vs 5 Forward
Line #Left WingCenterRight WingPHYDFOFWanted %Time %Time Play
1Patrick KaneGabriel LandeskogCole Caufield0143129%16:06
2Alex DeBrincatNoah CatesPavel Buchnevich0143130%16:45
3Jonathan MarchessaultJack RoslovicPatrik Laine0232826%14:28
4Gustav NyquistBrett HowdenEmil Heineman1221014%7:58
5 vs 5 Defense
Line #DefenseDefensePHYDFOFWanted %Time %Time Play
1Alex PietrangeloDavid Savard1223535%19:10
2Kevin BahlAlexandre Carrier1223332%17:37
3Egor ZamulaWyatt Kaiser1223130%16:27
4Jonathan MarchessaultDavid Savard12214%2:03
Power Play Forward
Line #Left WingCenterRight WingPHYDFOFWanted %Time %Time Play
1Patrick KaneGabriel LandeskogAlex DeBrincat0055049%2:11
2Cole CaufieldNoah CatesPavel Buchnevich0055051%2:16
Power Play Defense
Line #DefenseDefensePHYDFOFWanted %Time %Time Play
1Alex PietrangeloDavid Savard0146055%2:27
2Kevin BahlAlexandre Carrier0144045%2:00
Penalty Kill 4 Players Forward
Line #CenterWingPHYDFOFWanted %Time %Time Play
1Noah CatesGustav Nyquist13160100%0:16
2Brett HowdenEmil Heineman131400%0:00
Penalty Kill 4 Players Defense
Line #DefenseDefensePHYDFOFWanted %Time %Time Play
1Alex PietrangeloDavid Savard14060100%0:16
2Kevin BahlAlexandre Carrier140400%0:00
Penalty Kill 3 Players
Line #WingPHYDFOFWanted %Time %Time PlayDefenseDefensePHYDFOFWanted %Time %Time Play
1Noah Cates140520%0:00 Alex PietrangeloDavid Savard140600%0:00
2Brett Howden140480%0:00 Kevin BahlAlexandre Carrier140400%0:00
4 vs 4 Forward
Line #CenterWingPHYDFOFWanted %Time %Time Play
1Pavel BuchnevichPatrick Kane023530%0:00
2Alex DeBrincatCole Caufield023470%0:00
4 vs 4 Defense
Line #DefensePHYDFOFWanted %Time %Time Play
1Alex PietrangeloDavid Savard122600%0:00
2Kevin BahlAlexandre Carrier122400%0:00
Last Minutes Offensive
Left WingCenterRight WingDefenseDefense
Patrick KaneGabriel LandeskogAlex DeBrincatAlex PietrangeloDavid Savard
Last Minutes Defensive
Left WingCenterRight WingDefenseDefense
Patrick KaneGabriel LandeskogAlex DeBrincatAlex PietrangeloDavid Savard
Time
Total ForwardTotal DefenseLast Minutes OffensiveLast Minutes Defensive
60:00 60:00 0:000:00
Extra Forwards
Normal PowerPlayPenalty Kill
Noah Cates, Patrik Laine, Jack RoslovicNoah Cates, Patrik LaineJack Roslovic
Extra Defensemen
Normal PowerPlayPenalty Kill
Alex Pietrangelo, Wyatt Kaiser, Kevin BahlDavid Savard, Wyatt KaiserKevin Bahl
Penalty Shots
Noah Cates, Patrick Kane, Alex DeBrincat, Cole Caufield, Pavel Buchnevich
Goalie
Linus Ullmark, Calvin Pickard
Custom OT Lines Forwards
Brett Howden, Patrick Kane, Alex DeBrincat, Cole Caufield, Pavel Buchnevich, Jonathan Marchessault, Noah Cates, Patrik Laine, Jack Roslovic, Gustav Nyquist
Custom OT Lines Defensemen
Alex Pietrangelo, David Savard, Kevin Bahl, Alexandre Carrier, Wyatt Kaiser
Scratches
Alex Turcotte (Healthy), Trent Frederic (Healthy), Cam Talbot (Healthy)


Play-by-Play

1st period


0:01 of 1st period - Gabriel Landeskog wins face-off versus Elias Pettersson in neutral zone.
0:09 of 1st period - Icing by Damon Severson.
0:10 of 1st period - Gabriel Landeskog wins face-off versus Elias Pettersson in Capitals zone.
0:39 of 1st period - Snap shot by Jake Guentzel.
0:39 of 1st period - Stopped by Linus Ullmark with a rebound.
0:41 of 1st period - Slapshot by Kris Letang.
0:41 of 1st period - Shot Blocked by Alex Pietrangelo.
0:43 of 1st period - Snap shot by Elias Pettersson.
0:43 of 1st period - Shot Misses the Net.
0:45 of 1st period - Slapshot by Kris Letang.
0:45 of 1st period - Stopped by Linus Ullmark without a rebound.
0:46 of 1st period - Joel Eriksson Ek wins face-off versus Noah Cates in Kraken zone.
1:01 of 1st period - Slapshot by Kyle Palmieri.
1:01 of 1st period - Shot Misses the Net.
2:19 of 1st period - Snap shot by Joel Eriksson Ek.
2:19 of 1st period - Stopped by Linus Ullmark with a rebound.
2:21 of 1st period - Slapshot by Cam York.
2:21 of 1st period - Deflect By Noah Cates.
2:21 of 1st period - Stopped by Linus Ullmark with a rebound.
2:31 of 1st period - Snap shot by Joel Eriksson Ek.
2:31 of 1st period - Deflect By Noah Cates.
2:31 of 1st period - Shot Blocked by Wyatt Kaiser.
2:31 of 1st period - Puck is out of play.
2:32 of 1st period - Jack Roslovic wins face-off versus Adam Fantilli in Kraken zone.
2:37 of 1st period - Egor Zamula is hit by Kris Letang and loses puck.
3:00 of 1st period - Snap shot by Joel Eriksson Ek.
3:00 of 1st period - Shot Blocked by Wyatt Kaiser.
3:47 of 1st period - Snap shot by Kirill Kaprizov.
3:47 of 1st period - Shot Misses the Net.
3:49 of 1st period - Slapshot by Kris Letang.
3:49 of 1st period - Shot Blocked by David Savard.
3:51 of 1st period - Slapshot by Kris Letang.
3:51 of 1st period - Stopped by Linus Ullmark with a rebound.
4:46 of 1st period - David Savard is hit by Lian Bichsel and loses puck.
5:07 of 1st period - Emil Heineman is hit by Zach Bogosian and loses puck.
5:26 of 1st period - Backhand shot by Patrik Laine.
5:26 of 1st period - Stopped by Matt Murray without a rebound.
5:27 of 1st period - Adam Fantilli wins face-off versus Jack Roslovic in Capitals zone.
5:51 of 1st period - Wyatt Kaiser is hit by Kris Letang and loses puck.
6:18 of 1st period - Snap shot by Simon Holmstrom.
6:18 of 1st period - Stopped by Linus Ullmark without a rebound.
6:19 of 1st period - Joel Eriksson Ek wins face-off versus Gabriel Landeskog in Kraken zone.
7:26 of 1st period - Patrick Kane is hit by Jake Neighbours and loses puck.
7:41 of 1st period - Wrist shot by Alex DeBrincat.
7:41 of 1st period - Shot Misses the Net.
7:43 of 1st period - Slapshot by Pavel Buchnevich.
7:43 of 1st period - Shot Blocked by Elias Pettersson.
7:45 of 1st period - Slapshot by Wyatt Kaiser.
7:45 of 1st period - Stopped by Matt Murray with a rebound.
7:47 of 1st period - Slapshot by Noah Cates.
7:47 of 1st period - Stopped by Matt Murray with a rebound.
7:56 of 1st period - Off-side.
7:57 of 1st period - Adam Fantilli wins face-off versus Jack Roslovic in neutral zone.
8:04 of 1st period - Slapshot by Simon Holmstrom.
8:04 of 1st period - Stopped by Linus Ullmark without a rebound.
8:05 of 1st period - Gabriel Landeskog wins face-off versus Joel Eriksson Ek in Kraken zone.
8:22 of 1st period - Wrist shot by Cole Caufield.
8:22 of 1st period - Stopped by Matt Murray without a rebound.
8:23 of 1st period - Noah Cates wins face-off versus Elias Pettersson in Capitals zone.
8:57 of 1st period - Snap shot by Joel Eriksson Ek.
8:57 of 1st period - Shot Misses the Net.
8:59 of 1st period - Slapshot by Zach Bogosian.
8:59 of 1st period - Shot Blocked by Alexandre Carrier.
9:06 of 1st period - Snap shot by Joel Eriksson Ek.
9:06 of 1st period - Stopped by Linus Ullmark with a rebound.
9:12 of 1st period - Minor Penalty to Alexandre Carrier for Tripping.
9:13 of 1st period - Noah Cates wins face-off versus Kirill Kaprizov in Kraken zone.
9:28 of 1st period - Wrist shot by Elias Pettersson.
9:28 of 1st period - Goal by Elias Pettersson - Capitals : 1 - Kraken : 0.
9:29 of 1st period - Adam Fantilli wins face-off versus Jack Roslovic in neutral zone.
9:41 of 1st period - Snap shot by Adam Fantilli.
9:41 of 1st period - Deflect By Simon Holmstrom.
9:41 of 1st period - Stopped by Linus Ullmark with a rebound.
9:55 of 1st period - Damon Severson is hit by Noah Cates and loses puck.
10:02 of 1st period - Wrist shot by Joel Eriksson Ek.
10:02 of 1st period - Shot Misses the Net.
10:04 of 1st period - Slapshot by Zach Bogosian.
10:04 of 1st period - Stopped by Linus Ullmark without a rebound.
10:05 of 1st period - Gabriel Landeskog wins face-off versus Elias Pettersson in Kraken zone.
10:10 of 1st period - Slapshot by Gabriel Landeskog.
10:10 of 1st period - Stopped by Matt Murray with a rebound.
10:38 of 1st period - Jonathan Marchessault is hit by Zach Bogosian.
11:04 of 1st period - Snap shot by Pavel Buchnevich.
11:04 of 1st period - Goal by Pavel Buchnevich - Capitals : 1 - Kraken : 1.
11:05 of 1st period - Joel Eriksson Ek wins face-off versus Patrick Kane in neutral zone.
12:12 of 1st period - Kevin Bahl is hit by Arttu Hyry and loses puck.
12:19 of 1st period - Snap shot by Joel Armia.
12:19 of 1st period - Shot Misses the Net.
12:21 of 1st period - Backhand shot by Isac Lundestrom.
12:21 of 1st period - Stopped by Linus Ullmark without a rebound.
12:22 of 1st period - Joel Eriksson Ek wins face-off versus Noah Cates in Kraken zone.
12:37 of 1st period - Backhand shot by Kyle Palmieri.
12:37 of 1st period - Stopped by Linus Ullmark without a rebound.
12:38 of 1st period - Gabriel Landeskog wins face-off versus Elias Pettersson in Kraken zone.
13:15 of 1st period - Snap shot by Jack Roslovic.
13:15 of 1st period - Shot Misses the Net.
13:33 of 1st period - Snap shot by Pavel Buchnevich.
13:33 of 1st period - Shot Misses the Net.
13:35 of 1st period - Snap shot by Wyatt Kaiser.
13:35 of 1st period - Stopped by Matt Murray without a rebound.
13:36 of 1st period - Gabriel Landeskog wins face-off versus Kirill Kaprizov in Capitals zone.
13:37 of 1st period - Wrist shot by Patrick Kane.
13:37 of 1st period - Stopped by Matt Murray with a rebound.
13:39 of 1st period - Minor Penalty to Jake Guentzel for Elbowing.
13:40 of 1st period - Isac Lundestrom wins face-off versus Gabriel Landeskog in Capitals zone.
13:55 of 1st period - Isac Lundestrom is hit by Alex Pietrangelo.
14:32 of 1st period - Kevin Bahl is hit by Damon Severson.
15:39 of 1st period - Penalty to Jake Guentzel is over, Jake Guentzel is back on ice.
15:56 of 1st period - Off-side.
15:57 of 1st period - Jack Roslovic wins face-off versus Adam Lowry in neutral zone.
16:02 of 1st period - Slapshot by Patrik Laine.
16:02 of 1st period - Stopped by Matt Murray with a rebound.
16:24 of 1st period - Egor Zamula is hit by Cam York and loses puck.
17:02 of 1st period - Wrist shot by Alex DeBrincat.
17:02 of 1st period - Goal by Alex DeBrincat - Capitals : 1 - Kraken : 2.
17:03 of 1st period - Pavel Buchnevich wins face-off versus Joel Eriksson Ek in neutral zone.
17:06 of 1st period - Snap shot by Alex DeBrincat.
17:06 of 1st period - Goal by Alex DeBrincat - Capitals : 1 - Kraken : 3.
17:07 of 1st period - Joel Eriksson Ek wins face-off versus Gabriel Landeskog in neutral zone.
17:18 of 1st period - Wrist shot by Cole Caufield.
17:18 of 1st period - Shot Misses the Net.
17:22 of 1st period - Snap shot by Gabriel Landeskog.
17:22 of 1st period - Stopped by Matt Murray with a rebound.
17:24 of 1st period - Slapshot by Patrick Kane.
17:24 of 1st period - Shot Blocked by Kris Letang.
17:44 of 1st period - Wrist shot by Adam Fantilli.
17:44 of 1st period - Stopped by Linus Ullmark without a rebound.
17:45 of 1st period - Elias Pettersson wins face-off versus Jack Roslovic in Kraken zone.
17:46 of 1st period - Snap shot by Kirill Kaprizov.
17:46 of 1st period - Stopped by Linus Ullmark with a rebound.
17:48 of 1st period - Snap shot by Cam York.
17:48 of 1st period - Shot Misses the Net.
17:50 of 1st period - Wrist shot by Lian Bichsel.
17:50 of 1st period - Stopped by Linus Ullmark without a rebound.
17:51 of 1st period - Elias Pettersson wins face-off versus Jack Roslovic in Kraken zone.
19:24 of 1st period - Snap shot by Cole Caufield.
19:24 of 1st period - Stopped by Matt Murray with a rebound.
19:41 of 1st period - Off-side.
19:42 of 1st period - Adam Fantilli wins face-off versus Noah Cates in neutral zone.
19:44 of 1st period - Off-side.
19:45 of 1st period - Noah Cates wins face-off versus Adam Fantilli in neutral zone.
19:52 of 1st period - Wrist shot by Pavel Buchnevich.
19:52 of 1st period - Stopped by Matt Murray without a rebound.
19:53 of 1st period - Joel Eriksson Ek wins face-off versus Noah Cates in Capitals zone.
19:58 of 1st period - Snap shot by Joel Eriksson Ek.
19:58 of 1st period - Stopped by Linus Ullmark with a rebound.
Goals for this period are 1 for Capitals vs 3 for Kraken.
Shots for this period are 17 for Capitals vs 14 for Kraken.

2nd period


0:01 of 2nd period - Noah Cates wins face-off versus Joel Eriksson Ek in neutral zone.
0:45 of 2nd period - Icing by David Savard.
0:46 of 2nd period - Isac Lundestrom wins face-off versus Gabriel Landeskog in Kraken zone.
0:55 of 2nd period - Wrist shot by Joel Armia.
0:55 of 2nd period - Stopped by Linus Ullmark with a rebound.
0:57 of 2nd period - Slapshot by Oliver Ekman-Larsson.
0:57 of 2nd period - Stopped by Linus Ullmark without a rebound.
0:58 of 2nd period - Adam Fantilli wins face-off versus Noah Cates in Kraken zone.
1:24 of 2nd period - Oliver Ekman-Larsson is hit by Jonathan Marchessault and loses puck.
1:28 of 2nd period - Icing by Oliver Ekman-Larsson.
1:29 of 2nd period - Jack Roslovic wins face-off versus Joel Eriksson Ek in Capitals zone.
1:55 of 2nd period - Slapshot by Joel Eriksson Ek.
1:55 of 2nd period - Stopped by Linus Ullmark with a rebound.
2:01 of 2nd period - Slapshot by Pavel Buchnevich.
2:01 of 2nd period - Stopped by Matt Murray with a rebound.
2:03 of 2nd period - Snap shot by Alex DeBrincat.
2:03 of 2nd period - Shot Blocked by Damon Severson.
2:05 of 2nd period - Backhand shot by Noah Cates.
2:05 of 2nd period - Stopped by Matt Murray without a rebound.
2:06 of 2nd period - Simon Holmstrom wins face-off versus Noah Cates in Capitals zone.
2:11 of 2nd period - Noah Cates is hit by Adam Lowry.
2:58 of 2nd period - Icing by Elias Pettersson.
2:59 of 2nd period - Kyle Palmieri wins face-off versus Noah Cates in Capitals zone.
3:22 of 2nd period - Snap shot by Kyle Palmieri.
3:22 of 2nd period - Deflect By Joel Eriksson Ek.
3:22 of 2nd period - Stopped by Linus Ullmark with a rebound.
3:30 of 2nd period - Slapshot by Kyle Palmieri.
3:30 of 2nd period - Shot Blocked by Kevin Bahl.
3:36 of 2nd period - Slapshot by Jake Neighbours.
3:36 of 2nd period - Stopped by Linus Ullmark without a rebound.
3:37 of 2nd period - Adam Fantilli wins face-off versus Patrik Laine in Kraken zone.
3:38 of 2nd period - Wrist shot by Simon Holmstrom.
3:38 of 2nd period - Deflect By Adam Fantilli.
3:38 of 2nd period - Stopped by Linus Ullmark with a rebound.
4:25 of 2nd period - Off-side.
4:26 of 2nd period - Adam Fantilli wins face-off versus Brett Howden in neutral zone.
4:37 of 2nd period - Snap shot by Simon Holmstrom.
4:37 of 2nd period - Shot Blocked by Egor Zamula.
5:49 of 2nd period - Icing by Jake Guentzel.
5:50 of 2nd period - Brett Howden wins face-off versus Simon Holmstrom in Capitals zone.
6:29 of 2nd period - Kyle Palmieri is hit by Jack Roslovic and loses puck.
6:54 of 2nd period - David Savard is hit by Kirill Kaprizov and loses puck.
7:14 of 2nd period - Snap shot by Isac Lundestrom.
7:14 of 2nd period - Stopped by Linus Ullmark with a rebound.
7:16 of 2nd period - Slapshot by Oliver Ekman-Larsson.
7:16 of 2nd period - Shot Blocked by Gabriel Landeskog.
7:18 of 2nd period - Slapshot by Arttu Hyry.
7:18 of 2nd period - Stopped by Linus Ullmark without a rebound.
7:19 of 2nd period - Gabriel Landeskog wins face-off versus Isac Lundestrom in Kraken zone.
7:33 of 2nd period - Minor Penalty to Lian Bichsel for Delaying the game.
7:34 of 2nd period - Gabriel Landeskog wins face-off versus Isac Lundestrom in Capitals zone.
9:07 of 2nd period - Snap shot by Simon Holmstrom.
9:07 of 2nd period - Shot Misses the Net.
9:33 of 2nd period - Penalty to Lian Bichsel is over, Lian Bichsel is back on ice.
9:40 of 2nd period - Icing by Damon Severson.
9:41 of 2nd period - Joel Eriksson Ek wins face-off versus Brett Howden in Capitals zone.
9:41 of 2nd period - Joel Eriksson Ek is hit by Emil Heineman.
9:47 of 2nd period - Joel Eriksson Ek is hit by Egor Zamula.
9:51 of 2nd period - Snap shot by Damon Severson.
9:51 of 2nd period - Stopped by Linus Ullmark with a rebound.
9:53 of 2nd period - Slapshot by Damon Severson.
9:53 of 2nd period - Shot Blocked by Wyatt Kaiser.
9:55 of 2nd period - Wrist shot by Kris Letang.
9:55 of 2nd period - Goal by Kris Letang - Capitals : 2 - Kraken : 3.
9:56 of 2nd period - Jack Roslovic wins face-off versus Adam Fantilli in neutral zone.
10:00 of 2nd period - Off-side.
10:01 of 2nd period - Adam Fantilli wins face-off versus Jack Roslovic in neutral zone.
10:45 of 2nd period - Minor Penalty to Kris Letang for Roughing.
10:46 of 2nd period - Isac Lundestrom wins face-off versus Gabriel Landeskog in Capitals zone.
10:54 of 2nd period - Slapshot by Joel Armia.
10:54 of 2nd period - Stopped by Linus Ullmark with a rebound.
10:56 of 2nd period - Wrist shot by Joel Armia.
10:56 of 2nd period - Stopped by Linus Ullmark with a rebound.
10:58 of 2nd period - Wrist shot by Joel Armia.
10:58 of 2nd period - Stopped by Linus Ullmark with a rebound.
11:00 of 2nd period - Snap shot by Isac Lundestrom.
11:00 of 2nd period - Stopped by Linus Ullmark without a rebound.
11:01 of 2nd period - Isac Lundestrom wins face-off versus Noah Cates in Kraken zone.
11:14 of 2nd period - Wrist shot by Pavel Buchnevich.
11:14 of 2nd period - Goal by Pavel Buchnevich - Capitals : 2 - Kraken : 4.
11:14 of 2nd period - Sam Montembeault enters game.
11:15 of 2nd period - Adam Fantilli wins face-off versus Noah Cates in neutral zone.
11:22 of 2nd period - Snap shot by Alex DeBrincat.
11:22 of 2nd period - Deflect By Pavel Buchnevich.
11:22 of 2nd period - Shot Blocked by Simon Holmstrom.
11:22 of 2nd period - Puck is out of play.
11:23 of 2nd period - Noah Cates wins face-off versus Adam Lowry in Capitals zone.
11:48 of 2nd period - Cole Caufield is hit by Elias Pettersson and loses puck.
12:42 of 2nd period - Slapshot by Damon Severson.
12:42 of 2nd period - Stopped by Linus Ullmark with a rebound.
12:44 of 2nd period - Snap shot by Joel Armia.
12:44 of 2nd period - Stopped by Linus Ullmark without a rebound.
12:45 of 2nd period - Gabriel Landeskog wins face-off versus Adam Fantilli in Kraken zone.
12:45 of 2nd period - Gabriel Landeskog is hit by Lian Bichsel.
13:01 of 2nd period - Snap shot by Gabriel Landeskog.
13:01 of 2nd period - Stopped by Sam Montembeault without a rebound.
13:02 of 2nd period - Noah Cates wins face-off versus Elias Pettersson in Capitals zone.
13:55 of 2nd period - Kris Letang is hit by Gabriel Landeskog and loses puck.
14:04 of 2nd period - Damon Severson is hit by Gabriel Landeskog and loses puck.
14:48 of 2nd period - Wrist shot by Isac Lundestrom.
14:48 of 2nd period - Shot Misses the Net.
15:04 of 2nd period - Snap shot by Joel Eriksson Ek.
15:04 of 2nd period - Stopped by Linus Ullmark without a rebound.
15:05 of 2nd period - Joel Eriksson Ek wins face-off versus Brett Howden in Kraken zone.
15:08 of 2nd period - Slapshot by Joel Eriksson Ek.
15:08 of 2nd period - Stopped by Linus Ullmark with a rebound.
15:32 of 2nd period - Snap shot by Kyle Palmieri.
15:32 of 2nd period - Stopped by Linus Ullmark with a rebound.
15:34 of 2nd period - Slapshot by Kris Letang.
15:34 of 2nd period - Shot Misses the Net.
15:36 of 2nd period - Slapshot by Damon Severson.
15:36 of 2nd period - Stopped by Linus Ullmark without a rebound.
15:37 of 2nd period - Gabriel Landeskog wins face-off versus Elias Pettersson in Kraken zone.
15:46 of 2nd period - Snap shot by Elias Pettersson.
15:46 of 2nd period - Stopped by Linus Ullmark with a rebound.
17:13 of 2nd period - Wrist shot by Pavel Buchnevich.
17:13 of 2nd period - Stopped by Sam Montembeault with a rebound.
17:58 of 2nd period - Snap shot by Patrik Laine.
17:58 of 2nd period - Shot Misses the Net.
18:00 of 2nd period - Snap shot by Noah Cates.
18:00 of 2nd period - Stopped by Sam Montembeault with a rebound.
19:16 of 2nd period - Wrist shot by Brett Howden.
19:16 of 2nd period - Stopped by Sam Montembeault without a rebound.
19:17 of 2nd period - Brett Howden wins face-off versus Joel Eriksson Ek in Capitals zone.
19:24 of 2nd period - Snap shot by Brett Howden.
19:24 of 2nd period - Shot Misses the Net.
19:26 of 2nd period - Slapshot by Emil Heineman.
19:26 of 2nd period - Deflect By Brett Howden.
19:26 of 2nd period - Stopped by Sam Montembeault without a rebound.
19:27 of 2nd period - Alex DeBrincat wins face-off versus Elias Pettersson in Capitals zone.
19:40 of 2nd period - Wrist shot by Alex DeBrincat.
19:40 of 2nd period - Stopped by Sam Montembeault without a rebound.
19:41 of 2nd period - Adam Fantilli wins face-off versus Gabriel Landeskog in Capitals zone.
19:56 of 2nd period - Wrist shot by Simon Holmstrom.
19:56 of 2nd period - Shot Blocked by Patrick Kane.
Goals for this period are 1 for Capitals vs 1 for Kraken.
Shots for this period are 21 for Capitals vs 9 for Kraken.

3rd period


0:01 of 3rd period - Jack Roslovic wins face-off versus Elias Pettersson in neutral zone.
0:08 of 3rd period - Wrist shot by Jonathan Marchessault.
0:08 of 3rd period - Stopped by Sam Montembeault with a rebound.
0:28 of 3rd period - Damon Severson is hit by Alex Pietrangelo and loses puck.
1:06 of 3rd period - Kevin Bahl is hit by Joel Armia and loses puck.
1:59 of 3rd period - Adam Fantilli is hit by Alexandre Carrier and loses puck.
3:20 of 3rd period - Wrist shot by Pavel Buchnevich.
3:20 of 3rd period - Stopped by Sam Montembeault with a rebound.
3:36 of 3rd period - Snap shot by Zach Bogosian.
3:36 of 3rd period - Shot Blocked by Alex Pietrangelo.
3:58 of 3rd period - Wrist shot by Kyle Palmieri.
3:58 of 3rd period - Deflect By Joel Eriksson Ek.
3:58 of 3rd period - Shot Misses the Net.
3:58 of 3rd period - Puck is out of play.
3:59 of 3rd period - Jack Roslovic wins face-off versus Elias Pettersson in Kraken zone.
4:06 of 3rd period - Wrist shot by Patrik Laine.
4:06 of 3rd period - Stopped by Sam Montembeault with a rebound.
4:47 of 3rd period - Off-side.
4:48 of 3rd period - Joel Eriksson Ek wins face-off versus Brett Howden in neutral zone.
5:18 of 3rd period - Backhand shot by Kirill Kaprizov.
5:18 of 3rd period - Stopped by Linus Ullmark without a rebound.
5:19 of 3rd period - Noah Cates wins face-off versus Elias Pettersson in Kraken zone.
5:44 of 3rd period - Patrik Laine is hit by Damon Severson and loses puck.
5:49 of 3rd period - Slapshot by Adam Fantilli.
5:49 of 3rd period - Stopped by Linus Ullmark with a rebound.
7:28 of 3rd period - Snap shot by Gabriel Landeskog.
7:28 of 3rd period - Stopped by Sam Montembeault with a rebound.
7:30 of 3rd period - Snap shot by Gabriel Landeskog.
7:30 of 3rd period - Shot Blocked by Kyle Palmieri.
7:32 of 3rd period - Snap shot by David Savard.
7:32 of 3rd period - Deflect By Cole Caufield.
7:32 of 3rd period - Shot Misses the Net.
7:32 of 3rd period - Puck is out of play.
7:33 of 3rd period - Noah Cates wins face-off versus Elias Pettersson in Capitals zone.
8:04 of 3rd period - Wrist shot by Adam Fantilli.
8:04 of 3rd period - Stopped by Linus Ullmark with a rebound.
8:32 of 3rd period - Snap shot by Gabriel Landeskog.
8:32 of 3rd period - Stopped by Sam Montembeault with a rebound.
8:34 of 3rd period - Snap shot by Cole Caufield.
8:34 of 3rd period - Deflect By Gabriel Landeskog.
8:34 of 3rd period - Stopped by Sam Montembeault without a rebound.
8:35 of 3rd period - Elias Pettersson wins face-off versus Noah Cates in Capitals zone.
8:46 of 3rd period - Slapshot by Noah Cates.
8:46 of 3rd period - Stopped by Sam Montembeault with a rebound.
8:48 of 3rd period - Wrist shot by Noah Cates.
8:48 of 3rd period - Stopped by Sam Montembeault with a rebound.
8:50 of 3rd period - Slapshot by Kevin Bahl.
8:50 of 3rd period - Deflect By Elias Pettersson.
8:50 of 3rd period - Stopped by Sam Montembeault without a rebound.
8:51 of 3rd period - Adam Fantilli wins face-off versus Jack Roslovic in Capitals zone.
9:04 of 3rd period - Slapshot by Simon Holmstrom.
9:04 of 3rd period - Shot Blocked by Jonathan Marchessault.
9:39 of 3rd period - Snap shot by Alex DeBrincat.
9:39 of 3rd period - Stopped by Sam Montembeault without a rebound.
9:40 of 3rd period - Noah Cates wins face-off versus Joel Eriksson Ek in Capitals zone.
9:41 of 3rd period - Slapshot by Alex DeBrincat.
9:41 of 3rd period - Goal by Alex DeBrincat - Capitals : 2 - Kraken : 5.
9:42 of 3rd period - Noah Cates wins face-off versus Jake Guentzel in neutral zone.
9:47 of 3rd period - Wrist shot by Pavel Buchnevich.
9:47 of 3rd period - Stopped by Sam Montembeault with a rebound.
9:55 of 3rd period - Snap shot by Pavel Buchnevich.
9:55 of 3rd period - Shot Misses the Net.
9:57 of 3rd period - Snap shot by Pavel Buchnevich.
9:57 of 3rd period - Goal by Pavel Buchnevich - Capitals : 2 - Kraken : 6.
9:58 of 3rd period - Adam Fantilli wins face-off versus Jack Roslovic in neutral zone.
10:03 of 3rd period - Snap shot by Adam Lowry.
10:03 of 3rd period - Shot Blocked by Alex Pietrangelo.
10:23 of 3rd period - Adam Fantilli is hit by David Savard and loses puck.
11:17 of 3rd period - Kevin Bahl is hit by Oliver Ekman-Larsson.
12:20 of 3rd period - Gabriel Landeskog is hit by Simon Holmstrom and loses puck.
12:31 of 3rd period - Slapshot by Gustav Nyquist.
12:31 of 3rd period - Stopped by Sam Montembeault with a rebound.
12:33 of 3rd period - Snap shot by Brett Howden.
12:33 of 3rd period - Goal by Brett Howden - Capitals : 2 - Kraken : 7.
12:34 of 3rd period - Jake Guentzel wins face-off versus Jack Roslovic in neutral zone.
13:42 of 3rd period - Icing by Egor Zamula.
13:43 of 3rd period - Patrik Laine wins face-off versus Isac Lundestrom in Kraken zone.
13:43 of 3rd period - Patrik Laine is hit by Arttu Hyry.
13:49 of 3rd period - Slapshot by Arttu Hyry.
13:49 of 3rd period - Stopped by Linus Ullmark with a rebound.
14:37 of 3rd period - Snap shot by Gabriel Landeskog.
14:37 of 3rd period - Deflect By Patrick Kane.
14:37 of 3rd period - Shot Blocked by Joel Eriksson Ek.
14:37 of 3rd period - Puck is out of play.
14:38 of 3rd period - Noah Cates wins face-off versus Adam Fantilli in Capitals zone.
15:55 of 3rd period - Wrist shot by Pavel Buchnevich.
15:55 of 3rd period - Shot Misses the Net.
15:57 of 3rd period - Slapshot by Alexandre Carrier.
15:57 of 3rd period - Stopped by Sam Montembeault with a rebound.
15:59 of 3rd period - Slapshot by Kevin Bahl.
15:59 of 3rd period - Stopped by Sam Montembeault without a rebound.
16:00 of 3rd period - Alex DeBrincat wins face-off versus Kyle Palmieri in Capitals zone.
16:09 of 3rd period - Backhand shot by Noah Cates.
16:09 of 3rd period - Goal by Noah Cates - Capitals : 2 - Kraken : 8.
16:10 of 3rd period - Joel Eriksson Ek wins face-off versus Gabriel Landeskog in neutral zone.
16:45 of 3rd period - Slapshot by Adam Fantilli.
16:45 of 3rd period - Deflect By Adam Lowry.
16:45 of 3rd period - Stopped by Linus Ullmark without a rebound.
16:46 of 3rd period - Noah Cates wins face-off versus Joel Eriksson Ek in Kraken zone.
17:24 of 3rd period - Wrist shot by Patrik Laine.
17:24 of 3rd period - Stopped by Sam Montembeault with a rebound.
17:55 of 3rd period - Adam Lowry is hit by Pavel Buchnevich and loses puck.
18:38 of 3rd period - Slapshot by Simon Holmstrom.
18:38 of 3rd period - Shot Misses the Net.
18:40 of 3rd period - Slapshot by Oliver Ekman-Larsson.
18:40 of 3rd period - Shot Misses the Net.
18:46 of 3rd period - Snap shot by Simon Holmstrom.
18:46 of 3rd period - Stopped by Linus Ullmark with a rebound.
18:48 of 3rd period - Slapshot by Simon Holmstrom.
18:48 of 3rd period - Shot Blocked by Alex Pietrangelo.
18:50 of 3rd period - Slapshot by Lian Bichsel.
18:50 of 3rd period - Stopped by Linus Ullmark with a rebound.
18:52 of 3rd period - Snap shot by Adam Lowry.
18:52 of 3rd period - Deflect By Pavel Buchnevich.
18:52 of 3rd period - Goal by Adam Lowry - Capitals : 3 - Kraken : 8.
18:53 of 3rd period - Elias Pettersson wins face-off versus Gabriel Landeskog in neutral zone.
Goals for this period are 1 for Capitals vs 4 for Kraken.
Shots for this period are 8 for Capitals vs 19 for Kraken.